 Dungeon Crawl Stone Soup version 0.30.1-11-g7821555f0a (webtiles) character file.

Game seed: 13801334203620543161

212 Dordric the Slasher (level 5, 0/38 HPs)
             Began as a Demonspawn Gladiator on Oct 31, 2023.
             Slain by a gnoll bouda
             ... wielding a +0 club
              (11 damage)
             ... on level 3 of the Dungeon.
             The game lasted 00:02:57 (2588 turns).

Dordric the Slasher (Demonspawn Gladiator)          Turns: 2588, Time: 00:02:58

Health: 0/38       AC:  7    Str: 20    XL:     5   Next: 58%
Magic:  5/5        EV: 12    Int: 10    God:
Gold:   160        SH:  0    Dex: 16    Spells: 4/4 levels left

rFire   . . .        e - +2 dagger (venom)
rCold   . . .        (no shield)
rNeg    . . .        i - +0 ring mail
rPois   .            c - +0 helmet
rElec   .            (no cloak)
rCorr   .            (no gloves)
SInv    .            v - +0 pair of boots
Will    .....        r - amulet of faith
Stlth   +            q - +6 ring of strength
HPRegen 0.26/turn    (no ring)
MPRegen 0.09/turn

%: faith
@: weakened
A: powered by death 1, weakness stinger 1
a: no special abilities


You were on level 3 of the Dungeon.
You visited 1 branch of the dungeon, and saw 4 of its levels.

You collected 160 gold pieces.

Inventory:

Hand Weapons
 a - a +0 long sword
 e - a +2 dagger of venom (weapon)
 f - a +0 short sword of speed
Missiles
 d - 2 throwing nets (quivered)
 l - a javelin
Armour
 b - a +0 leather armour
 c - a +0 helmet (worn)
 i - a +0 ring mail (worn)
 v - a +0 pair of boots (worn)
Jewellery
 o - a +6 ring of intelligence
 q - a +6 ring of strength (left hand)
 r - an amulet of faith (around neck)
Scrolls
 h - 4 scrolls of teleportation {unknown}
 j - 2 scrolls of identify {unknown}
 k - a scroll of blinking {unknown}
 m - a scroll of fear {unknown}
 p - a scroll of enchant armour {unknown}
 t - a scroll of magic mapping {unknown}
 u - 3 scrolls of vulnerability {unknown}
 w - a scroll of noise {unknown}
 x - a scroll of amnesia {unknown}
Potions
 g - 6 potions of mutation {unknown}
 n - a potion of resistance {unknown}
 s - a potion of attraction {unknown}
 z - a potion of heal wounds {unknown}


   Skills:
 - Level 2.0 Fighting
 + Level 5.8 Long Blades
 - Level 1.7 Throwing
 - Level 2.6 Dodging


You had 4 spell levels left.
You didn't know any spells.
Your spell library contained the following spells:

 Spells                   Type           Power      Damage    Failure   Level
 Static Discharge         Conj/Air       0%         2-2/arc   69%         2
 Airstrike                Air            0%         2d(0-16)  100%        4
 Summon Lightning Spire   Summ/Air       0%         N/A       100%        4


Dungeon Overview and Level Annotations

Branches:
Dungeon (4/15)
 Temple: D:4-7

Altars:
Ru


Innate Abilities, Weirdness & Mutations

You regenerate a little health from kills.
You have a small tail.


Message History

A gnoll bouda comes into view. It is wielding a +0 club.
A gnoll bouda is nearby!
A gnoll bouda is nearby!
The gnoll bouda shouts!
There is a stone staircase leading up here.
The gnoll bouda gazes fiercely through you!
You feel your attacks grow feeble.
You hit the gnoll bouda but do no damage.
The gnoll bouda is poisoned.
You barely miss the gnoll bouda.
The gnoll bouda barks out a call to the hunt!
A gnoll comes into view. It is wielding a +0 flail.
You closely miss the gnoll bouda.
Your attacks no longer feel as feeble.
The gnoll bouda hits you with a +0 club.
You barely miss the gnoll bouda.
The gnoll bouda is lightly wounded.
The gnoll bouda hits you but does no damage.
You hit the gnoll bouda but do no damage.
The gnoll bouda looks as sick as possible!
The gnoll bouda is lightly wounded.
The gnoll hits you with a +0 flail!
The gnoll bouda hits you with a +0 club!
You are too injured to fight recklessly!
You are too injured to fight recklessly!
You are too injured to fight recklessly!
You are too injured to fight recklessly!
The gnoll barely misses you.
The gnoll bouda hits you with a +0 club!
* * * LOW HITPOINT WARNING * * *
You climb upwards.
There is a stone staircase leading down here.
You closely miss the gnoll bouda.
You tail-slap the gnoll bouda, but do no damage.
The gnoll bouda is heavily wounded.
The gnoll closely misses you.
The gnoll bouda gazes fiercely through you!
You feel your attacks grow feeble.
The gnoll bouda hits you with a +0 club!
You die...

##.....###..#.#.###### #........
.'.....'.#..#.#.# ###......
##.....#.#..#.#.######## #......
#.....#.#..#.#.##.....####......
#.....#.#..#.#.##.#.............
#.....#.#..#.#.##.#...........##
#.....#.#....#.##.'.........###.
#######.#.####.##.#........##.#.
#.....#.....g@g.+........'.[#.
#.#############.#........##.#.
#...............#.........###.
######..............(.......##
#........................
#.............###.......[
#.............# ##...####
#.............# #.#.# #
#........###### #.#.# #


You could see a gnoll bouda (extremely poisoned) and a gnoll (swift).

Vanquished Creatures
  An ice beast (D:3)
  A sleepcap (D:4)
  An adder (D:3)
  A white imp (D:3)
  A worm (D:3)
  3 dart slugs
  4 ball pythons
  4 endoplasms
  6 giant cockroaches
  6 hobgoblins (D:3)
  4 quokkas
  14 bats
  3 frilled lizards
  8 goblins
  4 kobolds
  5 rats
66 creatures vanquished.

Notes
Turn   | Place    | Note
-------+----------+-------------------------------------------
     0 | D:1      | Dordric the Demonspawn Gladiator began the quest for the
                  | Orb.
     0 | D:1      | Reached XP level 1. HP: 16/16 MP: 1/1
    39 | D:1      | Reached skill level 3 in Long Blades
    45 | D:1      | Gained mutation: You regenerate a little health from kills.
                  | [demonic ancestry]
    45 | D:1      | Reached XP level 2. HP: 10/22 MP: 2/2
  1004 | D:2      | Gained mutation: You have a small tail. [demonic ancestry]
  1004 | D:2      | Reached XP level 3. HP: 11/27 MP: 3/3
  1106 | D:2      | Found a sacrificial altar of Ru.
  1218 | D:2      | Found a faded altar of an unknown god.
  1256 | D:2      | Reached skill level 4 in Long Blades
  2085 | D:3      | Reached XP level 4. HP: 33/33 MP: 4/4
  2310 | D:3      | Noticed an ice beast
  2341 | D:3      | Killed an ice beast
  2342 | D:3      | Reached skill level 5 in Long Blades
  2342 | D:3      | Reached XP level 5. HP: 38/38 MP: 5/5
  2588 | D:3      | Slain by a gnoll bouda

Illustrated notes

Levels and vault maps discovered:
D:1:      evilmike_arrival_crescent, layout_basic
D:2:      layout_basic, basic_altar, ebering_ecumenical_altar_box,
          hangedman_decor_opposing
D:3:      layout_basic, minmay_divided_ellipse
D:4:      kennysheep_goblin_castle, layout_rooms, minmay_misc_feat_pillars,
          roderic_batcave

Skill      XL: |  1  2  3  4 |
---------------+-------------+-----
Long Blades    | 3 4 5 |  5.8
Fighting       | |  2.0
Throwing       | |  1.7
Dodging        | |  2.6

Action                     |  1- 3 |  4- 6 || total
---------------------------+-------+-------++-------
  Melee: Long sword        |    14 |       ||    14
         Short sword       |    90 |       ||    90
         Dagger            |    57 |    55 ||   112
         Tailslap          |     6 |    16 ||    22
         Punch             |       |     1 ||     1
  Throw: Javelin           |     1 |     1 ||     2
         Throwing net      |     1 |       ||     1
 Armour: Leather armour    |    10 |       ||    10
         Ring mail         |    59 |    16 ||    75
  Dodge: Dodged            |   116 |    33 ||   149
